 Dungeon Crawl Stone Soup version 0.25-a0-803-g58bd18402a (webtiles) character file.

Game seed: 14182992846988041685, levelgen mode: deterministic

26448 Fukker the Cleaver (level 12, -7/97 HPs)
             Began as a Demonspawn Gladiator on Apr 19, 2020.
             Was a High Priest of Okawaru.
             Mangled by a catoblepas (31 damage)
             ... on level 12 of the Dungeon.
             The game lasted 00:44:02 (14879 turns).

Fukker the Cleaver (Demonspawn Gladiator)          Turns: 14879, Time: 00:44:02

Health: -7/97      AC: 15    Str: 20    XL:     12   Next: 98%
Magic:  16/18      EV: 18    Int: 10    God:    Okawaru [*****.]
Gold:   839        SH:  0    Dex: 14    Spells: 11/11 levels left

rFire    + + .     SeeInvis .   i - +6 battleaxe (elec)
rCold    + . .     Gourm    .   (shield currently unavailable)
rNeg     + . .     Faith    .   L - +3 salamander hide armour {+Rage rF++}
rPois    .         Spirit   .   T - +1 hat
rElec    .         Reflect  .   w - +1 cloak {MR+}
rCorr    .         Harm     .   u - +0 pair of gloves
MR       ++...                  (no boots)
Stlth    +++.......             (no amulet)
HPRegen  0.26/turn              n - ring of protection from cold
MPRegen  0.16/turn              h - ring of protection from magic

@: heroism
A: claws 2, rugged brown scales 3, demonic guardian 1, negative energy
resistance 1, spiny 2
a: Heroism, Finesse, Renounce Religion, Evoke Berserk Rage


You were on level 12 of the Dungeon.
You worshipped Okawaru.
Okawaru was extremely pleased with you.
You were not hungry.

You visited 1 branch of the dungeon, and saw 12 of its levels.

You collected 863 gold pieces.
You spent 24 gold pieces at shops.

Inventory:

Hand Weapons
 i - a +6 battleaxe of electrocution (weapon)
 z - a +3 short sword of speed
 A - the +7 mace of Variability {chain chaos}
   (You found it on level 11 of the Dungeon)

   Each time it hits an enemy it has a different, random effect.
 Q - the +5 hunting sling "Beastslayer" {flame, rF+}
   (You found it on level 7 of the Dungeon)

   It causes projectiles fired from it to burn those they strike, causing extra
   injury to most foes and up to half again as much damage against particularly
   susceptible opponents.
   It protects you from fire.
Missiles
 a - 7 atropa-tipped darts
 e - 449 stones
 g - 12 javelins
 m - 32 poisoned darts (quivered)
 p - a throwing net
 r - 193 sling bullets
 V - 2 datura-tipped darts
Armour
 u - a +0 pair of gloves (worn)
 w - a +1 cloak of magic resistance (worn)
 L - the +3 salamander hide armour (worn) {+Rage rF++}
   (You found it on level 8 of the Dungeon)

   It greatly protects you from fire.
   It lets you go berserk.
 T - a +1 hat (worn)
 Y - a +2 scale mail of fire resistance
Jewellery
 h - a ring of protection from magic (right hand)
 n - a ring of protection from cold (left hand)
 P - an uncursed ring of stealth
Wands
 b - a wand of digging (2)
 y - a wand of random effects (49)
 E - a wand of iceblast (7)
 F - a wand of flame (25)
 R - a wand of disintegration (12)
Scrolls
 c - 4 scrolls of teleportation
 d - 2 scrolls of enchant armour
 l - a scroll of identify
 o - 8 scrolls of remove curse
 t - 2 scrolls of fog
 v - a scroll of fear
 x - a scroll of vulnerability
 C - 2 scrolls of blinking
 H - a scroll of magic mapping {unknown}
 X - 2 scrolls of immolation
Potions
 j - a potion of cancellation
 k - a potion of berserk rage {unknown}
 q - a potion of stabbing {unknown}
 s - 2 potions of haste
 B - a potion of brilliance
 D - a potion of curing
 G - a potion of might
 I - a potion of magic {unknown}
 J - 3 potions of flight
 N - 2 potions of mutation
Miscellaneous
 U - a tin of tremorstones
Comestibles
 f - 33 rations


   Skills:
 - Level 7.1(12.1) Fighting
 - Level 7.0(12.0) Short Blades
 * Level 11.6(16.6) Axes
 + Level 0.7(12.9) Maces & Flails
   Level 3.5(8.6) Staves
 + Level 9.3(14.4) Slings
 - Level 2.3(11.3) Throwing
 - Level 5.4(10.4) Armour
 - Level 5.6(10.6) Dodging
 - Level 8.5 Invocations
 + Level 1.2 Evocations


You had 11 spell levels left.
You didn't know any spells.
Your spell library contained the following spells:

 Spells                   Type           Power        Failure   Level  Hunger
 Apportation              Tloc           #.....       38%         1    ##.....
 Foxfire                  Conj/Fire      #...         38%         1    ##.....
 Infusion                 Chrm           #...         38%         1    ##.....
 Sandblast                Erth           #.....       38%         1    ##.....
 Passwall                 Tmut/Erth      #.......     54%         2    ###....
 Conjure Flame            Conj/Fire      #.......     77%         3    ####...
 Inner Flame              Hex/Fire       #.......     77%         3    ####...
 Stone Arrow              Conj/Erth      #.....       77%         3    ####...
 Petrify                  Tmut/Erth      #.......     99%         4    #####..
 Sticky Flame             Conj/Fire      #.......     99%         4    #####..
 Fireball                 Conj/Fire      #.........   100%        5    ######.
 Lee's Rapid Deconstruct  Erth           #.........   100%        5    ######.
 Dispersal                Tloc           #.........   100%        6    #######
 Malign Gateway           Summ/Tloc      #.........   100%        7    #######


Dungeon Overview and Level Annotations

Branches:
Dungeon (12/15)            Temple (0/1) D:7            Lair (0/6) D:10
    Orc (0/2) D:12

Altars:
Ashenzari
Cheibriados
Dithmenos
Elyvilon
Fedhas
Gozag
Nemelex Xobeh
Okawaru
Ru
Uskayaw
Vehumet
Xom

Shops:
D:5 %   D:9 :   D:11 =


Innate Abilities, Weirdness & Mutations

You have very sharp fingernails.
You are completely covered in rugged brown scales. (AC +3, +7% HP)
A weak demonic guardian rushes to your aid.
You resist negative energy. (rN+)
You are mostly covered in sharp spines.


Message History

The catoblepas is lightly wounded.
The catoblepas gores you!
You hit the catoblepas.
Lightning courses through the catoblepas!
The catoblepas is moderately wounded.
The catoblepas gores you!!
You barely miss the catoblepas.
The catoblepas is moderately wounded.
The catoblepas is struck by your spines.
The catoblepas gores you!
Your iron imp hits the catoblepas!
The catoblepas breathes a plume of calcifying dust at you.
The blast of calcifying dust hits you but does no damage.
You swap places.
The catoblepas gores you!!
* * * LOW HITPOINT WARNING * * *
Your iron imp is engulfed in calcifying dust.
Your iron imp is moving more slowly.
Your iron imp hits the catoblepas!
You gain the combat prowess of a mighty hero.
The catoblepas gores you!!
You die...

...Y(....
#.# 8..[..8
#.# ..8..
##.# ...
##..# #.#
#..## ##.#
###.##
#.8####...#
##Y##...###
#.@5..###
#...ยง##
######


You could see a catoblepas and a friendly iron imp (petrifying).

Vanquished Creatures
  Kirke (D:12)
  Gastronok (D:8)
  3 hydras
  A centaur warrior (D:10)
  2 two-headed ogres
  Pikel (D:6)
  An ugly thing (D:12)
  2 cyclopes
  Joseph (D:9)
  A kobold demonologist (D:12)
  A gargoyle (D:11)
  7 trolls
  A dream sheep (D:8)
  13 slime creatures
  Prince Ribbit (D:7)
  3 hippogriffs
  6 hogs (D:12)
  A hungry ghost (D:12)
  12 yaks
  2 chaos spawn (D:11)
  3 vampire mosquitoes (D:12)
  An acid dragon (D:11)
  A warg (D:12)
  A water moccasin (D:8)
  3 porcupines (D:10)
  Duvessa (D:7)
  2 ice beasts
  7 orc warriors
  6 black bears
  8 ogres
  2 sky beasts
  13 centaurs
  A crocodile (D:12)
  5 big kobolds
  11 bullfrogs
  A wyvern zombie (D:6)
  Dowan (D:7)
  3 scorpions
  11 killer bees
  5 howler monkeys
  5 crimson imps
  A centaur zombie (D:11)
  4 hounds
  3 bullfrog zombies
  2 centaur skeletons
  4 jellies
  3 orc priests
  14 orc wizards
  7 bullfrog skeletons
  Ijyb (D:3)
  4 iguanas
  Natasha (thrice) (D:3)
  Terence (D:3)
  7 worker ants
  A hound skeleton (D:6)
  Robin (D:3)
  3 worker ant zombies
  15 adders
  4 gnolls
  3 shadow imps
  An adder zombie (D:6)
  3 adder skeletons
  2 worms
  5 dart slugs
  7 leopard geckos
  38 orcs
  4 giant cockroaches
  11 hobgoblins
  7 jackals
  11 quokkas
  3 ball pythons
  10 bats
  9 frilled lizards
  21 goblins
  A jackal zombie (D:4)
  22 kobolds
  A quokka skeleton (D:4)
  2 quokka zombies (D:6)
  8 rats
  3 fungi (D:10)
  3 plants
  A withered plant (D:12)
406 creatures vanquished.

Vanquished Creatures (collateral kills)
  A centaur skeleton (D:10)
  A dream sheep (D:8)
  A yak (D:11)
  A hog (D:12)
  An ogre (D:9)
  A scorpion (D:9)
  An iguana (D:9)
  An orc priest (D:9)
  2 orcs
10 creatures vanquished.

Vanquished Creatures (others)
  3 slaves (D:7)
  A killer bee (D:7)
  2 orc priests (D:7)
  An orc (D:7)
  3 plants
10 creatures vanquished.

Grand Total: 426 creatures vanquished

Notes
Turn   | Place    | Note
-------+----------+-------------------------------------------
     0 | D:1      | Fukker the Demonspawn Gladiator began the quest for the
                  | Orb.
     0 | D:1      | Reached XP level 1. HP: 16/16 MP: 1/1
   140 | D:1      | Gained mutation: A weak demonic guardian rushes to your
                  | aid. [demonic ancestry]
   140 | D:1      | Reached XP level 2. HP: 12/22 MP: 2/2
   841 | D:2      | Reached skill level 1 in Armour
   841 | D:2      | Reached XP level 3. HP: 27/27 MP: 3/3
  1197 | D:2      | Found an opulent altar of Gozag.
  1249 | D:2      | Reached skill level 1 in Short Blades
  1249 | D:2      | Gained mutation: You are partially covered in sharp spines.
                  | [demonic ancestry]
  1249 | D:2      | Reached XP level 4. HP: 31/33 MP: 4/4
  1308 | D:1      | You fall into a shaft and drop 1 floor!
  1747 | D:1      | Found a snail-covered altar of Cheibriados.
  2324 | D:2      | Gained mutation: You are partially covered in rugged brown
                  | scales. (AC +1, +3% HP) [demonic ancestry]
  2324 | D:2      | Reached XP level 5. HP: 31/39 MP: 5/5
  2731 | D:3      | Found a faded altar of an unknown god.
  2825 | D:3      | Found an iron altar of Okawaru.
  2829 | D:3      | Became a worshipper of Warmaster Okawaru
  2935 | D:3      | Noticed Natasha
  2940 | D:3      | Killed Natasha
  2955 | D:3      | Noticed Robin
  2981 | D:3      | Killed Robin
  2984 | D:3      | Noticed Terence
  2989 | D:3      | Killed Terence
  3145 | D:3      | Gained mutation: You have sharp fingernails. [demonic
                  | ancestry]
  3145 | D:3      | Reached XP level 6. HP: 35/45 MP: 6/6
  3224 | D:3      | Found a sparkling altar of Nemelex Xobeh.
  3353 | D:3      | Noticed Natasha
  3358 | D:3      | Killed Natasha
  3464 | D:3      | Noticed Ijyb
  3476 | D:3      | Killed Ijyb
  3592 | D:3      | Noticed Natasha
  3599 | D:3      | Killed Natasha
  3743 | D:4      | You fall into a shaft and drop 3 floors!
  3816 | D:5      | Entered Level 5 of the Dungeon
  3827 | D:5      | Reached * piety under Okawaru
  4037 | D:5      | Gained mutation: You resist negative energy. (rN+) [demonic
                  | ancestry]
  4037 | D:5      | Reached XP level 7. HP: 48/51 MP: 7/7
  4052 | D:5      | Reached skill level 5 in Short Blades
  4531 | D:4      | Found a shadowy altar of Dithmenos.
  5351 | D:5      | Reached ** piety under Okawaru
  5351 | D:5      | Gained mutation: You are mostly covered in rugged brown
                  | scales. (AC +2, +5% HP) [demonic ancestry]
  5351 | D:5      | Reached XP level 8. HP: 39/58 MP: 8/8
  5913 | D:5      | Identified Sif Muna's Grimoire of Quantum Good Luck
  6303 | D:5      | Found Fimaumn's Food Boutique.
  6621 | D:6      | Reached skill level 1 in Invocations
  7372 | D:7      | Noticed Pikel
  7373 | D:7      | Noticed Duvessa
  7415 | D:6      | Killed Pikel
  7415 | D:6      | Reached skill level 5 in Invocations
  7415 | D:6      | Gained mutation: You have very sharp fingernails. [demonic
                  | ancestry]
  7415 | D:6      | Reached XP level 9. HP: 55/69 MP: 8/13
  7471 | D:7      | Noticed Dowan
  7760 | D:7      | Killed Duvessa
  7760 | D:7      | Reached skill level 5 in Armour
  7763 | D:7      | Killed Dowan
  7832 | D:7      | Found a staircase to the Ecumenical Temple.
  8051 | D:7      | Reached *** piety under Okawaru
  8089 | D:7      | Noticed Prince Ribbit
  8099 | D:7      | Reached skill level 5 in Fighting
  8112 | D:7      | Killed Prince Ribbit
  8262 | D:7      | Got a dazzling hunting sling
  8264 | D:7      | Identified the +5 hunting sling "Beastslayer" {flame, rF+}
                  | (You found it on level 7 of the Dungeon)
  8331 | D:7      | Found a white marble altar of Elyvilon.
  8331 | D:7      | Found a shattered altar of Ashenzari.
  8522 | D:8      | Reached skill level 1 in Slings
  8728 | D:8      | Noticed Gastronok
  8755 | D:8      | Killed Gastronok
  8755 | D:8      | Reached **** piety under Okawaru
  8755 | D:8      | Received a gift from Okawaru
  8755 | D:8      | Reached XP level 10. HP: 50/79 MP: 15/15
  8877 | D:8      | Found a radiant altar of Vehumet.
  8899 | D:8      | Reached skill level 5 in Slings
  9005 | D:8      | Reached ***** piety under Okawaru
  9044 | D:8      | Noticed a two-headed hydra
  9389 | D:8      | Killed a two-headed hydra
  9679 | D:8      | Found the +3 salamander hide armour {+Rage rF++}
 10009 | D:9      | Found a sacrificial altar of Ru.
 10009 | D:9      | Found a blossoming altar of Fedhas.
 10010 | D:9      | Found an opulent altar of Gozag.
 10017 | D:9      | Reached skill level 5 in Dodging
 10187 | D:9      | Received a gift from Okawaru
 10187 | D:9      | Gained mutation: You are completely covered in rugged brown
                  | scales. (AC +3, +7% HP) [demonic ancestry]
 10187 | D:9      | Reached XP level 11. HP: 53/88 MP: 17/17
 10448 | D:9      | Noticed Joseph
 10475 | D:9      | Killed Joseph
 10534 | D:9      | Received a gift from Okawaru
 10568 | D:9      | Noticed a two-headed ogre
 10582 | D:9      | Killed a two-headed ogre
 10606 | D:9      | Received a gift from Okawaru
 10758 | D:9      | Reached skill level 1 in Evocations
 10800 | D:9      | Found Lurelim's Book Emporium.
 10823 | D:9      | Found a hide-covered altar of Uskayaw.
 11166 | D:10     | Entered Level 10 of the Dungeon
 11168 | D:10     | Reached skill level 1 in Axes
 11309 | D:10     | Reached skill level 2 in Axes
 11473 | D:10     | Reached skill level 3 in Axes
 11567 | D:10     | Noticed a centaur warrior
 11574 | D:10     | Killed a centaur warrior
 11574 | D:10     | Reached skill level 4 in Axes
 11865 | D:10     | Reached skill level 5 in Axes
 11896 | D:10     | Found a staircase to the Lair.
 12523 | D:11     | Reached skill level 6 in Axes
 12589 | D:11     | Found a sparkling altar of Nemelex Xobeh.
 12620 | D:11     | Received a gift from Okawaru
 12632 | D:11     | Found Keasch's Jewellery Boutique.
 12659 | D:11     | Bought a cursed amulet of inaccuracy for 24 gold pieces
 12724 | D:11     | Reached skill level 7 in Axes
 12813 | D:11     | Noticed a six-headed hydra
 12820 | D:11     | Killed a six-headed hydra
 12820 | D:11     | Received a gift from Okawaru
 12881 | D:11     | Found a shimmering altar of Xom.
 12884 | D:11     | Found the +7 mace of Variability {chain chaos}
 12904 | D:11     | Reached skill level 8 in Axes
 12904 | D:11     | Gained mutation: You are mostly covered in sharp spines.
                  | [demonic ancestry]
 12904 | D:11     | Reached XP level 12. HP: 93/97 MP: 18/18
 13400 | D:12     | Reached skill level 9 in Axes
 13721 | D:12     | Noticed a two-headed ogre
 13728 | D:12     | Killed a two-headed ogre
 13795 | D:12     | Reached skill level 10 in Axes
 14033 | D:12     | Received a gift from Okawaru
 14083 | D:12     | Found a staircase to the Orcish Mines.
 14310 | D:12     | Noticed a five-headed hydra
 14317 | D:12     | Killed a five-headed hydra
 14448 | D:12     | Reached skill level 11 in Axes
 14457 | D:12     | Noticed Kirke
 14471 | D:12     | Killed Kirke
 14471 | D:12     | Received a gift from Okawaru
 14471 | D:12     | Received a gift from Okawaru
 14866 | D:12     | Noticed a catoblepas
 14879 | D:12     | Mangled by a catoblepas

Levels and vault maps discovered:
D:1:      dpeg_arrival_water_altar, layout_loops_ring
D:2:      wad_woods_stonehenge, layout_basic, first_ration,
          minmay_increasing_density
D:3:      layout_loops_ring, lemuel_crystal_altar, overflow_temple_1_default,
          chequers_ecumenical_altar_lobes, kennysheep_generic_room_9,
          uniq_terence, uniq_robin, uniq_ijyb, uniq_natasha
D:4:      layout_layer_cave, grunt_dithmenos_shadows
D:5:      minmay_chambers_of_threes, layout_basic, serial_shops,
          kennysheep_mini_moat
D:6:      layout_loops_ring, serial_undead, serial_undead_e, serial_undead_a,
          serial_undead_e, serial_undead_c, minmay_misc_feat_ornament
D:7:      layout_basic, gammafunk_temple_overflow_elements,
          minmay_temple_entry_statues_fountains, uniq_duvessa, uniq_pikel,
          uniq_prince_ribbit1
D:8:      layout_gridville, vehumet_crystals, hangedman_ranch
          [blue_anna_fruit_fields], uniq_gastronok
D:9:      minmay_the_grid_four_pointed_star
          [minmay_the_grid_triangle_9x9_zippers_horizontal,
          minmay_the_grid_triangle_9x9_windchime,
          minmay_the_grid_triangle_9x9_skeleton,
          minmay_the_grid_triangle_9x9_wacky_v, minmay_the_grid_prize_big_room],
          layout_loops_ring, minitemple, kennysheep_little_box, serial_shops,
          kennysheep_mini, uniq_joseph
D:10:     layout_cross, grunt_lair_entry_orc_guard_hut, serial_co_window_serial,
          co_window_of_opportunity_a, co_window_paths_a, co_window_corner_a,
          co_window_paths_a, co_window_corner_a, co_window_corner_b,
          co_window_paths_c, co_window_broadway_a, co_window_unsneaky_path_e,
          co_window_corner_b, co_window_4corner_a, glass_columns_a,
          glass_columns_c, glass_columns_b, glass_columns_c
D:11:     layout_stronghold, serial_shops, shop, basic_altar,
          minmay_guarded_unrand_variability
D:12:     minmay_skewed_foursquare, layout_cave_pools, david_orc_3,
          argonaut_gorgonesque, uniq_kirke

Skill      XL: |  1  2  3  4  5  6  7  8  9 10 11 12 |
---------------+-------------------------------------+-----
Throwing       | 2 |  2.3
Staves         | 3 |  3.5
Armour         | 1 2 3 4 5 |  5.4
Short Blades   | 1 2 3 4 7 |  7.0
Invocations    | 5 7 8 |  8.5
Fighting       | 4 6 7 |  7.1
Dodging        | 4 5 |  5.6
Slings         | 4 7 8 9 |  9.3
Evocations     | 1 |  1.2
Axes           | 8 11 | 11.6
Maces & Flails | |  0.7

Action                   |  1- 3 |  4- 6 |  7- 9 | 10-12 || total
-------------------------+-------+-------+-------+-------++-------
Melee: Quarterstaff      |    78 |       |       |       ||    78
       Dagger            |    18 |       |       |       ||    18
       Rapier            |    20 |   130 |       |       ||   150
       Short sword       |       |   106 |   335 |   241 ||   682
       Punch             |       |       |     3 |     6 ||     9
       Battleaxe         |       |       |       |   223 ||   223
       Great mace        |       |       |       |    11 ||    11
 Fire: Hunting sling     |       |       |    42 |   161 ||   203
Throw: Throwing net      |     3 |     1 |     1 |       ||     5
       Stone             |     2 |       |       |       ||     2
       Dart              |       |       |     3 |    24 ||    27
       Javelin           |       |       |       |     1 ||     1
Invok: Heroism           |       |       |     9 |    31 ||    40
       Finesse           |       |       |       |     1 ||     1
Evoke: Wand              |       |       |       |     2 ||     2
  Use: Scroll            |     3 |     4 |     2 |    14 ||    23
       Potion            |       |       |       |     3 ||     3
 Stab: Held in net/web   |     2 |     1 |       |       ||     3
       Sleeping          |       |     3 |       |       ||     3
       Distracted        |       |       |       |     6 ||     6
  Eat: Chunk             |     1 |     9 |     7 |    13 ||    30
       Ration            |       |       |     2 |     2 ||     4
Armor: Leather armour    |     6 |       |    58 |    82 ||   146
       Ring mail         |    30 |    33 |       |       ||    63
       Robe              |       |     7 |     2 |       ||     9
       Scale mail        |       |       |       |     3 ||     3
Dodge: Dodged            |    66 |   119 |   104 |   292 ||   581

Table legend:
 A = Non-vault XP
 B = Vault XP
 C = Vault XP percentage of total XP
 D = Non-vault monster count
 E = Vault monster count
 F = Vault count percentage of total count
                 A         B        C        D         E       F
            +---------+---------+-------+---------+---------+-------
      Total |   23232 |   14552 |  38.5 |     308 |     101 |  24.7
            +---------+---------+-------+---------+---------+-------
        D:1 |      67 |       0 |   0.0 |      32 |       0 |   0.0
        D:2 |      58 |      83 |  58.9 |      23 |      13 |  36.1
        D:3 |     161 |     143 |  47.0 |      30 |      17 |  36.2
        D:4 |     382 |      11 |   2.8 |      19 |       1 |   5.0
        D:5 |     516 |     104 |  16.8 |      19 |       5 |  20.8
        D:6 |     469 |     853 |  64.5 |      12 |       8 |  40.0
        D:7 |     669 |     448 |  40.1 |      19 |       3 |  13.6
        D:8 |    1114 |    4122 |  78.7 |      19 |       9 |  32.1
        D:9 |    2416 |    2059 |  46.0 |      31 |      16 |  34.0
       D:10 |    3250 |     694 |  17.6 |      31 |       5 |  13.9
       D:11 |    5348 |     362 |   6.3 |      34 |       2 |   5.6
       D:12 |    8782 |    5673 |  39.2 |      39 |      22 |  36.1
            +---------+---------+-------+---------+---------+-------
